 Dungeon Crawl Stone Soup version 0.25-a0-302-g9f758675c1 (webtiles) character file.

Game seed: 1783921069857758353, levelgen mode: deterministic

41 DerDa the Firebug (level 3, -4/19 HPs)
             Began as a Gargoyle Fire Elementalist on Dec 20, 2019.
             Slain by a worm (7 damage)
             ... on level 1 of the Dungeon.
             The game lasted 00:03:36 (1307 turns).

DerDa the Firebug (Gargoyle Fire Elementalist)      Turns: 1307, Time: 00:03:37

Health: -4/19      AC:  6    Str: 11    XL:     3   Next: 52%
Magic:  0/7        EV: 12    Int: 16    God:
Gold:   85         SH:  0    Dex: 10    Spells: 6/7 levels left

rFire    . . .     SeeInvis .   d - +0 hand axe
rCold    . . .     Gourm    .   (no shield)
rNeg     + . .     Faith    .   a - +0 robe
rPois    ∞         Spirit   .   (no helmet)
rElec    +         Reflect  .   (no cloak)
rCorr    .         Harm     .   j - +0 pair of gloves
MR       .....                  (no boots)
Stlth    ++........             (no amulet)
HPRegen  0.06/turn              (no ring)
MPRegen  0.10/turn              (no ring)

@: no status effects
A: negative energy resistance 1, electricity resistance, unbreathing,
petrification resistance, rot immunity, AC +3
a: no special abilities


You were on level 1 of the Dungeon.
You were hungry.

You visited 1 branch of the dungeon, and saw 2 of its levels.

You collected 85 gold pieces.

Inventory:

Hand Weapons
 d - a +0 hand axe (weapon)
Missiles
 k - 47 stones (quivered)
Armour
 a - a +0 robe (worn)
 j - a +0 pair of gloves (worn)
Jewellery
 f - a +5 ring of dexterity {unknown}
Scrolls
 b - 2 scrolls of identify {unknown}
 n - a scroll of blinking {unknown}
 q - a scroll of remove curse {unknown}
Potions
 e - a potion of cancellation {unknown}
 g - a potion of invisibility {unknown}
 h - 2 potions of mutation {unknown}
 i - a potion of berserk rage {unknown}
 m - a potion of curing {unknown}
 o - a potion of haste {unknown}
 p - a potion of resistance {unknown}
Comestibles
 c - 2 rations
 l - 3 chunks of flesh


   Skills:
 - Level 1.5 Dodging
 - Level 2.1 Stealth
 * Level 2.9 Spellcasting
 + Level 2.0 Conjurations
 + Level 3.4 Fire Magic


You had 6 spell levels left.
You knew the following spells:

 Your Spells              Type           Power        Failure   Level  Hunger
a - Foxfire               Conj/Fire      ##..         6%          1    #......

Your spell library contained the following spells:

 Spells                   Type           Power        Failure   Level  Hunger
 Corona                   Hex            #......      19%         1    #......
 Conjure Flame            Conj/Fire      ##......     19%         3    ###....
 Ensorcelled Hibernation  Hex/Ice        #.....       28%         2    ##.....
 Inner Flame              Hex/Fire       #.......     28%         3    ###....
 Dazzling Flash           Conj/Hex       #.....       36%         3    ###....
 Confuse                  Hex            #.......     50%         3    ###....
 Tukima's Dance           Hex            #.......     50%         3    ###....
 Sticky Flame             Conj/Fire      ##......     52%         4    #####..
 Fireball                 Conj/Fire      ##........   86%         5    ######.


Dungeon Overview and Level Annotations

Branches:
Dungeon (2/15)

Altars:


Innate Abilities, Weirdness & Mutations

You are resistant to torment.
Your stone body is resilient. (AC +3)
You are immune to poison.
You resist negative energy. (rN+)
You are resistant to electric shocks. (rElec)
You can survive without breathing.
You are immune to petrification.
You are immune to rotting.


Message History

The worm bites you but does no damage.
You climb upwards.
There is a stone staircase leading down here.
You barely miss the jackal. You hit the worm. The jackal barely misses you.
You closely miss the jackal. You hit the worm but do no damage.
The jackal closely misses you. The worm bites you.
The jackal bites you but does no damage.
Casting: Foxfire (safe; 6% risk of failure)
Confirm with . or Enter, or press ? or * to list all spells.
Nothing appears to happen.
The jackal bites you. The worm closely misses you.
The jackal bites you but does no damage.
You closely miss the jackal. You hit the worm. The jackal barely misses you.
The worm bites you.
* * * LOW HITPOINT WARNING * * *
You completely miss the jackal. You hit the worm but do no damage.
The jackal bites you but does no damage.
The jackal barely misses you.
You barely miss the jackal. You hit the worm but do no damage.
The jackal barely misses you. The worm bites you!
You die...

#.......###.....#
##.....## #.###.##
##.#### #.# #..#
#.# #.###..# #.#
#......# ##+##
######.# ##...##
#># #.....##
####w# .......##
##.##@#
........####...#h#
........'........#
........####...#.#
.......## ##.##.#
#.....## ####.#
##...## #...#
##'## #.### #.#
#.#


You could see a worm and a jackal.

Vanquished Creatures
  An adder (D:2)
  2 oozes
  A worm (D:2)
  A dart slug (D:2)
  5 bats
  2 giant cockroaches
  A goblin (D:1)
  2 hobgoblins
  A frilled lizard (D:2)
  4 rats
20 creatures vanquished.

Vanquished Creatures (others)
  52 foxfires
52 creatures vanquished.

Grand Total: 72 creatures vanquished

Notes
Turn   | Place    | Note
-------+----------+-------------------------------------------
     0 | D:1      | DerDa the Gargoyle Fire Elementalist began the quest for
                  | the Orb.
     0 | D:1      | Reached XP level 1. HP: 10/10 MP: 3/3
   226 | D:1      | Reached XP level 2. HP: 15/15 MP: 1/5
  1088 | D:2      | Reached XP level 3. HP: 16/19 MP: 2/6
  1307 | D:1      | Slain by a worm

Levels and vault maps discovered:
D:1:      onia_arrival_mini_maze_b, layout_loops_corners
D:2:      layout_rooms

Skill      XL: |  1  2  3 |
---------------+----------+-----
Conjurations   | 2 |  2.0
Dodging        | |  1.5
Stealth        | |  2.1
Spellcasting   | |  2.9
Fire Magic     | |  3.4

Action                   || total
-------------------------++-------
Melee: Unarmed           ||     1
       Hand axe          ||    20
 Cast: Foxfire           ||    35
  Eat: Chunk             ||     1
Armor: Robe              ||    23
Dodge: Dodged            ||    22

Table legend:
 A = Non-vault XP
 B = Vault XP
 C = Vault XP percentage of total XP
 D = Non-vault monster count
 E = Vault monster count
 F = Vault count percentage of total count
                 A         B        C        D         E       F
            +---------+---------+-------+---------+---------+-------
      Total |      59 |       0 |   0.0 |      20 |       0 |   0.0
            +---------+---------+-------+---------+---------+-------
        D:1 |      20 |       0 |   0.0 |       8 |       0 |   0.0
        D:2 |      39 |       0 |   0.0 |      12 |       0 |   0.0
            +---------+---------+-------+---------+---------+-------
